 Dungeon Crawl Stone Soup version 0.30.1-10-g1249ef9ec4 (webtiles) character file.

Game seed: 8362899985322724307

78 lonewolfV2 the Covered (level 4, -2/35 HPs)
             Began as a Demonspawn Fighter on Oct 26, 2023.
             Slain by a gnoll
             ... wielding a +0 spear
              (4 damage)
             ... on level 3 of the Dungeon.
             The game lasted 00:02:32 (1727 turns).

lonewolfV2 the Covered (Demonspawn Fighter)         Turns: 1727, Time: 00:02:33

Health: -2/35      AC:  6    Str: 19    XL:     4   Next: 15%
Magic:  4/4        EV:  9    Int:  9    God:
Gold:   94         SH:  4    Dex: 12    Spells: 3/3 levels left

rFire   . . .        a - +0 war axe
rCold   . . .        c - +0 buckler
rNeg    . . .        b - +0 scale mail
rPois   .            (no helmet)
rElec   .            (no cloak)
rCorr   .            (no gloves)
SInv    .            (no boots)
Will    .....        (no amulet) Stlth
                     (no ring)
HPRegen 0.25/turn    (no ring)
MPRegen 0.09/turn

%: no passive effects
@: mighty, hasted, constricted, very quick
A: repulsion field 1, ignite blood 1
a: no special abilities


You were on level 3 of the Dungeon.
You visited 1 branch of the dungeon, and saw 3 of its levels.

You collected 94 gold pieces.

Inventory:

Hand Weapons
 a - a +0 war axe (weapon)
Armour
 b - a +0 scale mail (worn)
 c - a +0 buckler (worn)
Jewellery
 f - a ring of ice
 m - an amulet of guardian spirit
Scrolls
 e - a scroll of amnesia
 i - a scroll of butterflies
 l - a scroll of identify
Potions
 k - a potion of flight {unknown}


   Skills:
 - Level 3.1 Fighting
 - Level 2.0 Axes
 + Level 3.3 Armour
 * Level 2.2 Dodging
 - Level 2.8 Shields


You had 3 spell levels left.
You didn't know any spells.
Your spell library contained the following spells:

 Spells                   Type           Power      Damage    Failure   Level
 Beastly Appendage        Tmut           0%         N/A       83%         1
 Wereblood                Tmut           0%         N/A       92%         2
 Spider Form              Tmut/Pois      0%         N/A       99%         3


Dungeon Overview and Level Annotations

Branches:
Dungeon (3/15)

Altars:

Annotations:
D:3 Terence


Innate Abilities, Weirdness & Mutations

You are surrounded by a mild repulsion field. (EV +2)
Your demonic aura sometimes causes spilled blood to erupt in flames.


Message History

* * * LOW HITPOINT WARNING * * *
Read: scroll of fear
Press: ? - help, Q - select action, (/) - cycle Dir - look around, f - activate Look: Terence, wielding a +7 falchion of protection, wearing a +0 chain mail and carrying a wand of polymorph (9) (chance to affect: 98%)
As you read the scroll of fear, it crumbles to dust.
You assume a fearsome visage.
Terence looks frightened!
The rat looks frightened!
As you read the scroll of teleportation, it crumbles to dust.
You feel strangely unstable.
Cornered, the rat turns to fight!
You block the rat's attack. The endoplasm misses you.
The rat attacks as you move away! You block the rat's attack.
The endoplasm attacks as you move away! The endoplasm closely misses you.
Your surroundings suddenly seem different.
A ball python and 4 gnolls come into view.
Found 19 gold pieces.
Found a stone staircase leading up.
The ball python hisses angrily.
The gnoll shouts! x3
A bat comes into view.
The gnoll hits you from afar with a +0 spear.
* * * LOW HITPOINT WARNING * * *
You block the gnoll's attack.
You feel yourself speed up.
A ball python comes into view.
The ball python barely misses you. The ball python closely misses you.
You block the gnoll's attack.
The ball python hisses angrily.
You slash the gnoll!
You kill the gnoll!
You closely miss the ball python. The bat misses you.
The ball python closely misses you. You block the ball python's attack.
You closely miss the bat. You closely miss the ball python.
The bat closely misses you. The gnoll hits you but does no damage.
The bat hits you.
* * * LOW HITPOINT WARNING * * *
The ball python bites you but does no damage.
The ball python grabs you. The ball python constricts you.
You barely miss the ball python. You miss the bat. The bat hits you.
* * * LOW HITPOINT WARNING * * *
The gnoll hits you from afar with a +0 spear.
You die...

#######
###...)@#
#....gbS#
#....g.g#
#.......#
..S.....#
.....$..#
##......#
#......#
#.##.###


You could see 3 gnolls, a bat and 2 ball pythons.

Vanquished Creatures
  A gnoll (D:3)
  An adder (D:2)
  3 worms (D:2)
  2 dart slugs (D:1)
  3 endoplasms
  2 giant cockroaches
  3 hobgoblins
  A quokka (D:1)
  10 ball pythons
  10 bats
  2 frilled lizards
  4 goblins
  7 rats
49 creatures vanquished.

Notes
Turn   | Place    | Note
-------+----------+-------------------------------------------
     0 | D:1      | lonewolfV2 the Demonspawn Fighter began the quest for the
                  | Orb.
     0 | D:1      | Reached XP level 1. HP: 18/18 MP: 1/1
   107 | D:1      | Gained mutation: Your demonic aura sometimes causes spilled
                  | blood to erupt in flames. [demonic ancestry]
   107 | D:1      | Reached XP level 2. HP: 22/24 MP: 2/2
   293 | D:1      | Found a faded altar of an unknown god.
   545 | D:2      | Reached skill level 1 in Dodging
   600 | D:2      | Gained mutation: You are surrounded by a mild repulsion
                  | field. (EV +2) [demonic ancestry]
   600 | D:2      | Reached XP level 3. HP: 26/29 MP: 3/3
  1693 | D:3      | Reached XP level 4. HP: 35/35 MP: 4/4
  1712 | D:3      | Noticed Terence
  1727 | D:3      | Slain by a gnoll

Illustrated notes

Levels and vault maps discovered:
D:1:      minmay_arrival_stair_chambers, layout_rooms,
          hellmonk_ecumenical_altar_pennies_from_heaven
D:2:      layout_basic, nicolae_figureground_sparkle
D:3:      minmay_evil_eye, layout_rooms, nicolae_tso_swordbearing_angel,
          overflow_temple_1_default, uniq_terence

Skill      XL: |  1  2  3 |
---------------+----------+-----
Axes           | 2 |  2.0
Armour         | 3 |  3.3
Dodging        | 1 2 |  2.2
Fighting       | |  3.1
Shields        | |  2.8

Action                     |  1- 3 |  4- 6 || total
---------------------------+-------+-------++-------
  Melee: War axe           |   136 |     6 ||   142
    Use: Scroll            |     6 |     2 ||     8
         Potion            |     2 |     2 ||     4
 Armour: Scale mail        |    86 |     3 ||    89
  Dodge: Dodged            |    96 |    10 ||   106
  Block: Buckler           |    39 |     7 ||    46
